 Dungeon Sprint DCSS version 0.19.5 (webtiles) character file.

266 mopl the Distorting Troll (level 6, -6/59 HPs)
             Began as a Troll Abyssal Knight on July 17, 2019.
             Was a Believer of Lugonu.
             Splashed by a jelly's acid (8 damage)
             ... in the Dungeon (Sprint I: "Red Sonja").
             The game lasted 00:00:56 (223 turns).

mopl the Distorting Troll (Troll Abyssal Knight)     Turns: 223, Time: 00:00:57

Health: -6/59      AC: -11   Str: 23    XL:     6   Next: 0%
Magic:  11/12      EV: 10    Int:  8    God:    Lugonu [**....]
Gold:   162        SH:  0    Dex:  9    Spells: 0 memorised, 5 levels left

rFire  . . .     SeeInvis .     a - +1 spear
rCold  . . .     Gourm    +     b - +0 robe
rNeg   . . .     Faith    .     (no shield)
rPois  .         Spirit   .     (helmet restricted)
rElec  .         Reflect  .     (no cloak)
rCorr  .         Harm     .     (gloves unavailable)
MR     .....     NoTele   +     (boots unavailable)
Stlth  +.........               (no amulet)
                                (no ring)
                                (no ring)

@: corroded
A: unfitting armour, claws 3, fast metabolism 3, gourmand, regeneration 1,
shaggy fur 1, tough skin 2
a: Bend Space, Renounce Religion


You were in the Dungeon.
You worshipped Lugonu.
Lugonu was pleased with you.
You were not hungry.

You visited 1 branch You collected 162 gold pieces.

Inventory:

Hand Weapons
 a - a +1 spear (weapon)
Armour
 b - a +0 robe (worn)
 h - a +2 cloak
Wands
 j - a wand of heal wounds (0/9)
Scrolls
 i - a scroll of blinking
Potions
 d - a potion of curing
 f - a potion of haste
 g - 2 potions of magic
Comestibles
 c - 2 bread rations


   Skills:
 - Level 2.4 Fighting
 + Level 6.1 Polearms
 - Level 1.9 Dodging
 * Level 9.4 Invocations


You had 5 spell levels left.
You didn't know any spells.

Dungeon Overview and Level Annotations

Branches:
Dungeon (1/1)

Altars:
Sif Muna
Vehumet


Innate Abilities, Weirdness & Mutations

You are too large for most types of armour.
You have claws for hands.
Your metabolism is lightning-fast.
You like to eat raw meat.
Your natural rate of healing is unusually fast.
You are covered in fur. (AC +1)
You have very tough skin. (AC +2)


Message History

Okay, then.
You feel much better. The jelly hits you.
You are splashed with acid!
The acid burns!
You hit the jelly but do no damage. The acid corrodes you!
Your claws burn!
The jelly is severely wounded.
The jelly barely misses you.
You hit the jelly but do no damage.
Your claws burn!
The jelly is severely wounded.
The jelly hits you.
You are splashed with acid!
The acid burns!
* * * LOW HITPOINT WARNING * * *
You hit the jelly.
Your claws burn!
* * * LOW HITPOINT WARNING * * *
The jelly is almost dead.
You hit the jelly but do no damage.
Your claws burn!
* * * LOW HITPOINT WARNING * * *
The jelly is almost dead.
The jelly hits you.
* * * LOW HITPOINT WARNING * * *
You are splashed with acid!
The acid burns!
You die...

################
#<.#..)..#..'..#
#..[..#..').#..+
#..#####'#####'#
#..# #..# #.#
#..# #### ##(#
#..# #+#J.+ #⌠⌠#
+..@_# ####
#_.#+# ##+


You could see a jelly.

Vanquished Creatures
  Sigmund (D)
  An ogre (D)
  Ijyb (D)
3 creatures vanquished.

Notes
Turn   | Place    | Note
-------+----------+-------------------------------------------
     0 | D        | mopl the Troll Abyssal Knight began the quest for the Orb.
     0 | D        | Reached XP level 1. HP: 22/22 MP: 1/1
     1 | D        | Noticed Ijyb
    64 | D        | Killed Ijyb
    64 | D        | Reached skill level 3 in Polearms
    64 | D        | Reached skill level 4 in Invocations
    64 | D        | Reached XP level 2. HP: 16/29 MP: 2/4
    92 | D        | Noticed an ogre
    97 | D        | Killed an ogre
    97 | D        | Reached ** piety under Lugonu
    97 | D        | Reached skill level 4 in Polearms
    97 | D        | Reached skill level 7 in Invocations
    97 | D        | Reached XP level 3. HP: 34/36 MP: 5/7
    97 | D        | Reached XP level 4. HP: 42/44 MP: 5/8
   143 | D        | Noticed Sigmund
   153 | D        | Killed Sigmund
   153 | D        | Reached skill level 6 in Polearms
   153 | D        | Reached skill level 9 in Invocations
   153 | D        | Reached XP level 5. HP: 29/50 MP: 9/11
   153 | D        | Reached XP level 6. HP: 34/59 MP: 9/12
   205 | D        | Found a deep blue altar of Sif Muna.
   207 | D        | Found a radiant altar of Vehumet.
   223 | D        | HP: 2/59 [jelly (2)]
   223 | D        | Splashed by a jelly's acid

Skill      XL: |  1  2  3  4 |
---------------+-------------+-----
Polearms       | 3 4 6 |  6.1
Invocations    | 4 7 9 |  9.4
Fighting       | |  2.4
Dodging        | |  1.9

Action                   |  1- 3 |  4- 6 || total
-------------------------+-------+-------++-------
Melee: Spear             |    67 |    23 ||    90
Invok: Bend Space        |       |     1 ||     1
  Use: Potion            |     1 |     1 ||     2
Armor: Robe              |    20 |     2 ||    22
Dodge: Dodged            |    18 |     7 ||    25
